 Dungeon Crawl Stone Soup version 0.27.0-1-g7a089689b8 (webtiles) character file.

Game seed: 3944286294623274396

4159 ubername the Frost Mage (level 10, -2/63 HPs)
             Began as a Barachi Ice Elementalist on July 30, 2021.
             Was an Initiate of Vehumet.
             Slain by a death yak (23 damage)
             ... on level 8 of the Dungeon on July 31, 2021.
             The game lasted 00:29:09 (10763 turns).

ubername the Frost Mage (Barachi Ice Elementalist) Turns: 10763, Time: 00:29:10

Health: -2/63      AC: 11    Str: 11    XL:     10   Next: 28%
Magic:  18/28      EV: 11    Int: 18    God:    Vehumet [......]
Gold:   444        SH:  5    Dex: 12    Spells: 9/22 levels left

rFire    + . .     SeeInvis +   t - +2 rapier (holy)
rCold    . . .     Faith    .   x - +0 buckler
rNeg     + . .     Spirit   .   y - +0 ring mail
rPois    .         Reflect  .   q - +0 helmet
rElec    .         Harm     .   (no cloak)
rCorr    .         Rampage  .   (no gloves)
Will     .....                  (no boots)
Stlth    +.........             (no amulet)
HPRegen  0.20/turn              f - ring of magical power
MPRegen  0.21/turn              c - ring of the Pariah {Fly rF+ rN+ SInv}

@: ice-armoured, freezing walls, flying, slow
A: amphibious, slowness 1, strong legs 1, +LOS
a: Hop, Renounce Religion


You were on level 8 of the Dungeon.
You worshipped Vehumet.
Vehumet was noncommittal.
You visited 2 branches of the dungeon, and saw 9 of its levels.

You collected 477 gold pieces.
You spent 33 gold pieces at shops.

Inventory:

Hand Weapons
 a - a +0 vampiric short sword
 t - a +2 rapier of holy wrath (weapon)
 B - a +3 short sword of freezing
Missiles
 j - 90 sling bullets
 r - a boomerang (quivered)
 s - 3 poisoned darts
Armour
 i - a +2 hat
 q - a +0 helmet (worn)
 x - a +0 buckler (worn)
 y - a +0 ring mail (worn)
Magical Staves
 C - a staff of poison
Jewellery
 c - the ring of the Pariah (right hand) {Fly rF+ rN+ SInv}
   (You acquired it on level 2 of the Dungeon)

   [ring of positive energy]

   rF:        It protects you from fire.
   rN:        It protects you from negative energy.
   SInv:      It lets you see invisible.
   Fly:       It grants you flight.
 e - a +6 ring of intelligence
 f - a ring of magical power (left hand)
 u - a ring of fire
Wands
 k - a wand of iceblast (19)
 o - a wand of polymorph (8)
Scrolls
 m - a scroll of silence
 v - a scroll of enchant weapon
 w - 2 scrolls of fear
 z - a scroll of teleportation
 A - a scroll of immolation
 D - a scroll of fog
Potions
 b - a potion of resistance
 g - a potion of attraction
 n - 2 potions of lignification
 p - 4 potions of heal wounds
 E - a potion of flight {unknown}


   Skills:
 - Level 0.2 Fighting
 - Level 1.3(3.0) Short Blades
 - Level 4.6(4.8) Long Blades
 - Level 3.1 Throwing
 - Level 5.3 Armour
 - Level 3.3 Dodging
 - Level 2.6 Stealth
 - Level 6.1 Shields
 - Level 6.6 Spellcasting
 * Level 5.0 Conjurations
 - Level 8.5 Ice Magic
 * Level 4.5 Earth Magic


You had 9 spell levels left.
You knew the following spells:

 Your Spells              Type           Power      Damage    Failure   Level
a - Freeze                Ice            100%       1d11      1%          1
b - Frozen Ramparts       Ice            72%        1d9       2%          3
c - Ozocubu's Armour      Ice            36%        N/A       2%          3
d - Iron Shot             Conj/Erth      11%        9d3       99%         6

Your spell library contained the following spells:

 Spells                   Type           Power      Damage    Failure   Level
 Sandblast                Erth           44%        2d11      4%          1
 Passwall                 Tmut/Erth      11%        N/A       16%         2
 Hailstorm                Conj/Ice       30%        3d8       16%         4
 Iskenderun's Battlesphe  Conj           23%        2d8       65%         5
 Lee's Rapid Deconstruct  Erth           11%        3d9*      73%         5
 Spellforged Servitor     Conj/Summ      7%         N/A       100%        7


Dungeon Overview and Level Annotations

Branches:
Dungeon (8/15)             Temple (1/1) D:5
   Lair: D:8-11

Altars:
Cheibriados
Dithmenos
Elyvilon
Fedhas
Gozag
Hepliaklqana
Kikubaaqudgha
Nemelex Xobeh
Qazlal
Ru
Sif Muna
Trog
Uskayaw
Vehumet
Wu Jian
Xom
Zin
The Shining One

Portals:
Abyss: D:8

Annotations:
D:4 Grinder
D:5 2 transporters, RascalDebosk's ghost, novice DrVM
D:8 JackMcBride's ghost, novice MiFi


Innate Abilities, Weirdness & Mutations

You are amphibious.
You cover ground slowly.
You can hop short distances.
You have an extended range of vision and can be seen from far away.


Message History

You freeze the death yak.
The death yak is lightly wounded.
The wall freezes the death yak.
The death yak gores you but does no damage.
Casting: Freeze (safe; 1% risk of failure)
Confirm with . or Enter, or press ? or * to list all spells.
Aiming: Freeze (safe; 1% risk of failure)
Press: ? - help, Shift-Dir - straight line, f/p - death yak
Aim: a death yak (moderately wounded)
You freeze the death yak!
The death yak is moderately wounded.
The wall freezes the death yak.
The death yak gores you but does no damage.
Casting: Freeze (safe; 1% risk of failure)
Confirm with . or Enter, or press ? or * to list all spells.
Aiming: Freeze (safe; 1% risk of failure)
Press: ? - help, Shift-Dir - straight line, f/p - death yak
Aim: a death yak (moderately wounded)
You freeze the death yak!
The death yak is heavily wounded.
The wall freezes the death yak.
The death yak gores you!!
Unknown command.
Casting: Freeze (safe; 1% risk of failure)
Confirm with . or Enter, or press ? or * to list all spells.
Aiming: Freeze (safe; 1% risk of failure)
Press: ? - help, Shift-Dir - straight line, f/p - death yak
Aim: a death yak (heavily wounded)
You freeze the death yak.
The death yak is heavily wounded.
The wall freezes the death yak.
The death yak gores you!
Unknown command.
Casting: Freeze (safe; 1% risk of failure)
Confirm with . or Enter, or press ? or * to list all spells.
Aiming: Freeze (safe; 1% risk of failure)
Press: ? - help, Shift-Dir - straight line, f/p - death yak
Aim: a death yak (heavily wounded)
You freeze the death yak.
The death yak is severely wounded.
The wall freezes the death yak!
The death yak gores you!!
You die...

.........>>...
... .
##)##.##########
#.#.#
)))........#
...#.#.#
##.#.#####.#
#.#.Y.#
#.#.....#.#
#..[#.######
#.#####.#.#
#.###.#.......
#.# #.#
#.......# #.#
#.#######.###
#.# #......@Y.#
#.# ###########
#..


You could see a death yak.

Vanquished Creatures
  A two-headed ogre (D:8)
  Pikel (D:4)
  Sigmund (D:5)
  Eustachio (D:4)
  A wyvern (D:8)
  2 steam dragons (D:6)
  A hornet zombie (D:8)
  A sky beast (D:7)
  2 ice beasts
  A necrophage (D:7)
  An ogre (D:5)
  A centaur (D:8)
  4 phantoms
  3 lemures (D:4)
  A bullfrog (D:7)
  A wyvern zombie (D:7)
  A gnoll sergeant (D:8)
  2 scorpions (D:5)
  A water moccasin zombie (D:5)
  A wyvern skeleton (D:6)
  3 wights (D:7)
  A howler monkey (D:7)
  A bullfrog zombie (D:4)
  5 hounds
  3 orc priests
  5 centaur skeletons
  A jelly (D:5)
  Natasha (thrice) (D:3)
  An iguana (D:6)
  3 orc wizards (D:5)
  Robin (D:2)
  4 gnolls (D:8)
  7 adders
  A shadow imp (D:7)
  A white imp (D:5)
  2 ufetubi
  An adder skeleton (D:4)
  15 orcs
  13 ball pythons
  5 bats
  6 endoplasms
  2 giant cockroaches (D:1)
  14 goblins
  10 hobgoblins
  2 jackals (D:4)
  6 kobolds
  A quokka (D:1)
  3 frilled lizards
  A goblin zombie (D:5)
  2 rats (D:1)
  A rat zombie (D:5)
  A butterfly (D:5)
153 creatures vanquished.

Vanquished Creatures (others)
  5 plants (D:4)
5 creatures vanquished.

Grand Total: 158 creatures vanquished

Notes
Turn   | Place    | Note
-------+----------+-------------------------------------------
     0 | D:1      | ubername the Barachi Ice Elementalist began the quest for
                  | the Orb.
     0 | D:1      | Reached XP level 1. HP: 13/13 MP: 3/3
   197 | D:1      | Reached skill level 5 in Ice Magic
   699 | D:1      | Reached XP level 2. HP: 19/19 MP: 0/5
   804 | D:1      | Found a faded altar of an unknown god.
  1119 | D:1      | Upgraded the game from 0.27.0 to 0.27.0-1-g7a089689b8
  1284 | D:1      | Reached XP level 3. HP: 23/24 MP: 2/6
  1459 | D:1      | Learned a level 3 spell: Frozen Ramparts
  1463 | D:1      | Learned a level 3 spell: Ozocubu's Armour
  1815 | D:2      | Identified a scroll of acquirement
  1815 | D:2      | Acquired the ring of the Pariah {Fly rF+ rN+ SInv}
  1909 | D:2      | Noticed Robin
  1925 | D:2      | Killed Robin
  2043 | D:2      | Reached XP level 4. HP: 21/30 MP: 3/8
  2989 | D:3      | Noticed Natasha
  2994 | D:3      | Killed Natasha
  3001 | D:3      | Reached skill level 6 in Ice Magic
  3132 | D:3      | Reached XP level 5. HP: 35/35 MP: 10/10
  3332 | D:3      | Noticed Natasha
  3342 | D:3      | Killed Natasha
  3343 | D:3      | Reached skill level 1 in Armour
  3454 | D:3      | Noticed Natasha
  3470 | D:3      | Killed Natasha
  3554 | D:3      | Reached skill level 1 in Short Blades
  4470 | D:4      | Noticed Grinder
  4513 | D:4      | Reached XP level 6. HP: 34/41 MP: 11/11
  4538 | D:4      | Noticed Eustachio
  4539 | D:4      | Noticed Pikel
  4550 | D:4      | Killed Eustachio
  4551 | D:4      | Reached skill level 1 in Throwing
  4718 | D:4      | Killed Pikel
  4719 | D:4      | Reached skill level 5 in Spellcasting
  4719 | D:4      | Reached skill level 7 in Ice Magic
  4719 | D:4      | Reached XP level 7. HP: 6/46 MP: 14/14
  4719 | D:4      | Reached XP level 8. HP: 7/52 MP: 15/15
  5209 | D:5      | Entered Level 5 of the Dungeon
  5625 | D:5      | Found a transporter.
  5626 | D:5      | Found a transporter.
  5626 | D:5      | Noticed RascalDebosk's ghost (novice DrVM)
  5683 | D:5      | Reached skill level 8 in Ice Magic
  5865 | D:5      | Found a staircase to the Ecumenical Temple.
  5875 | Temple   | Entered the Ecumenical Temple
  5881 | Temple   | Became a worshipper of Vehumet
  5904 | D:5      | Reached skill level 5 in Armour
  6022 | D:5      | Noticed a +0 dagger
  6022 | D:5      | Noticed a +0 hand axe
  6023 | D:5      | Found a hide-covered altar of Uskayaw.
  6143 | D:5      | Noticed Sigmund
  6160 | D:5      | Killed Sigmund
  6161 | D:5      | Reached XP level 9. HP: 47/57 MP: 18/18
  6402 | D:5      | Reached skill level 1 in Shields
  6686 | D:6      | Learned a level 6 spell: Iron Shot
  7503 | D:6      | Reached skill level 5 in Shields
  7985 | D:7      | Found Huesid's CLEARANCE SALE! EVERYTHING MUST GO!.
  7994 | D:7      | Bought a scroll of identify for 12 gold pieces
  7994 | D:7      | Bought a scroll of fear for 21 gold pieces
  8838 | D:7      | Reached skill level 1 in Conjurations
  8838 | D:7      | Reached skill level 1 in Earth Magic
  9194 | D:8      | Noticed a two-headed ogre
  9999 | D:8      | Reached XP level 10. HP: 33/63 MP: 18/19
 10181 | D:8      | Noticed a hell hog
 10217 | D:8      | Found a one-way gate to the infinite horrors of the Abyss.
 10217 | D:8      | Noticed JackMcBride's ghost (novice MiFi)
 10383 | D:8      | Noticed a two-headed ogre
 10391 | D:8      | Killed a two-headed ogre
 10512 | D:8      | Reached skill level 5 in Conjurations
 10745 | D:8      | Noticed a death yak
 10763 | D:8      | Slain by a death yak

Illustrated notes

Levels and vault maps discovered:
D:1:      dpeg_chamrin_arrival_tetris, layout_basic,
          hellmonk_ecumenical_altar_slurped_away
D:2:      layout_basic, uniq_robin
D:3:      layout_loops_ring, uniq_natasha
D:4:      layout_gridville, ebering_ghost_inner_flame, guppyfry_early_lair_pool,
          uniq_pikel, uniq_grinder, uniq_eustachio, uniq_edmund
D:5:      layout_gridville, dancing_weapons_uskayaw,
          minmay_temple_entry_butterflies, enter_ossuary_4,
          gammafunk_ghost_mausoleum, hangedman_decor_riveting,
          grunt_ministairs_9, st_stairs_2, uniq_sigmund
D:6:      layout_loops_ring, chequers_serial_rivers_micro_d
D:7:      layout_loops_corners, enter_bailey_8, nicolae_shop_clearance
D:8:      layout_basic, dpeg_lair_monsters, gammafunk_ghost_abyssal_escape,
          kennysheep_generic_room_13
Temple:   dpeg_three_leaves_temple

Skill      XL: |  1  2  3  4  5  6  7  8  9 10 |
---------------+-------------------------------+-----
Ice Magic      | 5 6 7 8 |  8.5
Stealth        | 2 |  2.6
Spellcasting   | 3 5 6 |  6.6
Armour         | 2 4 5 |  5.3
Short Blades   | 1 |  1.3
Throwing       | 1 2 3 |  3.1
Long Blades    | 2 4 |  4.6
Dodging        | 3 |  3.3
Shields        | 6 |  6.1
Conjurations   | 3 5 |  5.0
Earth Magic    | 3 4 |  4.5
Fighting       | |  0.2

Action                   |  1- 3 |  4- 6 |  7- 9 | 10-12 || total
-------------------------+-------+-------+-------+-------++-------
Melee: Dagger            |    11 |       |       |       ||    11
       Short sword       |    12 |    46 |       |       ||    58
       Rapier            |       |     4 |   194 |    15 ||   213
Throw: Stone             |     2 |     3 |       |       ||     5
       Boomerang         |       |    21 |    59 |     8 ||    88
 Cast: Freeze            |    33 |    10 |     2 |     8 ||    53
       Frozen Ramparts   |     8 |    23 |    37 |     4 ||    72
       Ozocubu's Armour  |     1 |    10 |    34 |     4 ||    49
 Abil: Hop               |     1 |     3 |     9 |       ||    13
  Use: Scroll            |     3 |     5 |     3 |     4 ||    15
 Stab: Sleeping          |       |       |     1 |       ||     1
Armor: Robe              |    20 |     1 |       |       ||    21
       Leather armour    |       |    20 |    60 |     6 ||    86
       Ring mail         |       |       |       |     3 ||     3
Dodge: Dodged            |    45 |    49 |   118 |    13 ||   225
Block: Buckler           |       |       |    30 |     3 ||    33
